 Dungeon Crawl Stone Soup version 0.27-a0-1291-geefcff550b (webtiles) character file.

Game seed: 13196386888216267881

40 bilbop the Chopper (level 3, -1/33 HPs)
             Began as a Hill Orc Monk on June 16, 2021.
             Slain by Robin (9 damage)
             ... on level 2 of the Dungeon.
             The game lasted 00:05:02 (1774 turns).

bilbop the Chopper (Hill Orc Monk)                  Turns: 1774, Time: 00:05:03

Health: -1/33      AC:  2    Str: 14    XL:     3   Next: 50%
Magic:  4/4        EV: 13    Int: 10    God:
Gold:   27         SH:  0    Dex: 19    Spells: 2/2 levels left

rFire    . . .     SeeInvis .   a - +0 hand axe
rCold    . . .     Faith    .   (no shield)
rNeg     . . .     Spirit   .   b - +0 robe
rPois    .         Reflect  .   (no helmet)
rElec    .         Harm     .   (no cloak)
rCorr    .         Rampage  .   (no gloves)
Will     .....                  (no boots)
Stlth    ++........             (no amulet)
HPRegen  0.11/turn              f - +6 ring of dexterity
MPRegen  0.09/turn              (no ring)

@: no status effects
A: no striking features
a: no special abilities


You were on level 2 of the Dungeon.
You visited 1 branch of the dungeon, and saw 2 of its levels.

You collected 27 gold pieces.

Inventory:

Hand Weapons
 a - a +0 hand axe (weapon)
Armour
 b - a +0 robe (worn)
Jewellery
 f - a +6 ring of dexterity (left hand)
Scrolls
 c - 2 scrolls of teleportation {unknown}
 d - a scroll of magic mapping {unknown}
 h - a scroll of identify {unknown}
Potions
 e - a potion of invisibility {unknown}
 g - a potion of degeneration {unknown}


   Skills:
 + Level 4.0 Fighting
 + Level 4.4 Axes
 + Level 1.2 Armour
 - Level 2.4 Dodging
 + Level 2.0 Stealth
 + Level 1.7 Invocations


You had 2 spell levels left.
You didn't know any spells.
Your spell library was empty.

Dungeon Overview and Level Annotations

Branches:
Dungeon (2/15)

Altars:

Annotations:
D:2 Robin


Message History

The hobgoblin is heavily wounded.
The hobgoblin misses you.
You hit the hobgoblin but do no damage.
The hobgoblin is heavily wounded.
The hobgoblin misses you.
You hit the hobgoblin.
You kill the hobgoblin!
You hit the hobgoblin but do no damage. Robin barely misses you.
The hobgoblin closely misses you.
A hobgoblin comes into view.
You hit the hobgoblin.
The hobgoblin is severely wounded.
The hobgoblin no longer looks unusually strong.
Robin roars a battlecry!
The hobgoblin goes into a battle-frenzy!
The hobgoblin hits you.
Robin hits you from afar with a +0 trident!
The hobgoblin hits you.
You are too injured to fight recklessly!
You are too injured to fight recklessly!
You are too injured to fight recklessly!
You are too injured to fight recklessly!
You are too injured to fight recklessly!
You are too injured to fight recklessly!
You barely miss the hobgoblin.
The hobgoblin is severely wounded.
The hobgoblin misses you. Robin barely misses you.
You hit the hobgoblin.
You kill the hobgoblin!
Robin's horned helmet rattles.
Robin hits you from afar with a +0 trident.
* * * LOW HITPOINT WARNING * * *
The hobgoblin no longer looks unusually strong.
Robin roars a battlecry!
The hobgoblin goes into a battle-frenzy!
You see here a hobgoblin corpse.
You hit Robin.
Robin is lightly wounded.
Robin hits you with a +0 trident!
You die...

##.....##
##.#####.#
##...##
#.......#
##+#
#.#######
#># #.# #.#
# #)#
..###.###.#
.....gg@))#
#####g#####
#


You could see Robin and 2 hobgoblins.

Vanquished Creatures
  An adder (D:2)
  2 endoplasms (D:1)
  A giant cockroach (D:1)
  7 goblins
  4 hobgoblins
  5 jackals (D:1)
  A kobold (D:1)
  2 quokkas (D:1)
  A ball python (D:1)
  A frilled lizard (D:1)
  A rat (D:1)
26 creatures vanquished.

Notes
Turn   | Place    | Note
-------+----------+-------------------------------------------
     0 | D:1      | bilbop the Hill Orc Monk began the quest for the Orb.
     0 | D:1      | Reached XP level 1. HP: 19/19 MP: 1/1
   417 | D:1      | Reached XP level 2. HP: 27/27 MP: 2/2
   719 | D:1      | Reached skill level 1 in Invocations
  1357 | D:1      | Reached skill level 1 in Armour
  1591 | D:2      | Reached XP level 3. HP: 19/33 MP: 2/4
  1755 | D:2      | Noticed Robin
  1774 | D:2      | Slain by Robin

Illustrated notes

Levels and vault maps discovered:
D:1:      dpeg_arrival_arbitrary_a, layout_loops_ring, minmay_split_cup_large
D:2:      layout_loops_corners, uniq_natasha, uniq_robin

Skill      XL: |  1  2  3 |
---------------+----------+-----
Invocations    | 1 |  1.7
Armour         | 1 |  1.2
Stealth        | 2 |  2.0
Fighting       | 4 |  4.0
Axes           | |  4.4
Dodging        | |  2.4

Action                   || total
-------------------------++-------
Melee: Hand axe          ||    88
 Stab: Sleeping          ||     2
Armor: Robe              ||    14
Dodge: Dodged            ||    56

Table legend: (Time is in decaauts)
 A = Elapsed time spent in this place.
 B = Non-inter-level travel time spent in this place.
 C = Inter-level travel time spent in this place.
 D = Time resting spent in this place.
 E = Time spent auto-exploring this place.
 F = Levels seen in this place.
 G = Mean time per level.
                   A        B        C        D        E       F      G
               +--------+--------+--------+--------+--------+-----+--------+
         Total |   1780 |   1760 |     20 |    266 |   1335 |   2 |  890.0 |
       Dungeon |   1780 |   1760 |     20 |    266 |   1335 |   2 |  890.0 |
               +--------+--------+--------+--------+--------+-----+--------+

Top non-repeatable levels by time:
     D:1: 1567 daAuts
     D:2: 213 daAuts
